AoeStats
← Flrancis

Arena

508712344Analyzed
4v4 RM · 8d ago on Sep 23, 2026· 53m 25s· 8 players
Game mode
Random Map
Map size
Large (8 player)
Population
200
Speed
Normal
Resources
Standard
Victory
Conquest
Starting age
Dark Age
Ending age
Imperial Age
RankedLock teamsTeams togetherTeam positionsShared explorationLock speedFull tech treeHidden civsTurbo modeCheats
Victory
Defeat
🇨🇴 Khmer · Colombia
987
+17
🇿🇦 Aztecs · South Africa
966
+17
🇫🇷 Japanese · France
909
+20
🇿🇦 Franks · South Africa
853
+22
🇩🇪 Armenians · Germany
1020
-20
🇩🇪 Sicilians · Germany
1000
-19
🇷🇺 Teutons · Russia
987
-19
🇹🇷 Britons · Türkiye
967
-18
Kundakçı-Coşkun
0:40 Loom
10:28 Feudal Age
11:31 Horse Collar
11:38 Double-Bit Axe
11:52 Gold Mining
18:57 Castle Age
17:44 Stone Mining
18:25 Fletching
18:38 Padded Archer Armor
21:56 Heavy Plow
30:11 Imperial Age
27:56 Padded Archer Armor
29:37 Ballistics
29:16 Bodkin Arrow
29:36 Leather Archer Armor
30:11 Wheelbarrow
30:14 Gold Shaft Mining
29:54 Bow Saw
30:24 Gold Shaft Mining
31:19 Bracer
34:06 Hand Cart
34:25 Ring Archer Armor
34:59 Chemistry
Arakami
10:53 Feudal Age
11:35 Double-Bit Axe
12:18 Horse Collar
13:27 Wheelbarrow
19:42 Castle Age
17:34 Man-at-Arms
18:18 Scale Mail Armor
18:19 Gold Mining
18:18 Long Swordsman
20:22 Arson
21:02 Bow Saw
20:58 Heavy Plow
20:46 Two-Handed Swordsman
21:13 Gambesons
22:49 Squires
23:19 Chain Mail Armor
26:22 Forging
27:49 Fletching
28:09 Crossbowman
28:47 Bodkin Arrow
32:05 Imperial Age
30:06 Loom
31:41 Gold Shaft Mining
32:23 Ballistics
32:40 Masonry
32:46 Champion
34:12 Bracer
36:00 Hand Cart
35:58 Arbalester
37:06 Guilds
38:07 Chemistry
37:46 Stone Mining
38:50 Plate Mail Armor
37:56 Pikeman
40:17 Iron Casting
39:57 Halberdier
40:47 Padded Archer Armor
43:18 Blast Furnace
42:35 Leather Archer Armor
42:37 Fortified Wall
43:04 Treadmill Crane
43:43 Onager
45:04 Conscription
44:58 Fereters
The_Marshall
7:33 Loom
11:13 Feudal Age
12:46 Gold Mining
12:37 Horse Collar
16:44 Stone Mining
18:02 Scale Mail Armor
22:41 Castle Age
21:02 Forging
20:54 Scale Mail Armor
21:10 Fletching
23:33 Pikeman
27:43 Iron Casting
29:09 Chain Mail Armor
28:51 Bodkin Arrow
36:56 First Crusade
38:00 Squires
41:29 Imperial Age
43:31 Ballistics
48:06 Elite Serjeant
richigor
12:07 Feudal Age
16:21 Castle Age
14:22 Horse Collar
15:40 Double-Bit Axe
19:10 Forging
19:31 Loom
23:03 Heavy Plow
23:57 Town Watch
25:11 Wheelbarrow
25:57 Squires
27:28 Arson
31:02 Imperial Age
30:23 Hand Cart
30:20 Scale Barding Armor
30:51 Iron Casting
30:39 Bloodlines
31:37 Town Patrol
31:15 Cavalier
31:50 Fletching
35:05 Chain Barding Armor
35:46 Blast Furnace
37:46 Plate Barding Armor
37:20 Gold Mining
37:26 Stone Mining
38:12 Crop Rotation
39:12 Scale Mail Armor
39:59 Gambesons
39:35 Pikeman
39:36 Man-at-Arms
40:12 Paladin
41:11 Chain Mail Armor
40:51 Bodkin Arrow
Flrancis
3:42 Loom
10:53 Feudal Age
15:26 Castle Age
13:56 Double-Bit Axe
13:58 Horse Collar
14:50 Gold Mining
19:43 Bow Saw
23:01 Scale Mail Armor
23:02 Fletching
24:08 Forging
24:40 Chain Mail Armor
26:43 Iron Casting
27:08 Town Watch
28:04 Wheelbarrow
28:57 Murder Holes
29:23 Ballistics
34:01 Imperial Age
31:18 Town Watch
31:58 Bodkin Arrow
34:00 Yasama
34:32 Elite Samurai
36:07 Hand Cart
36:34 Gold Shaft Mining
35:50 Stone Mining
37:43 Blast Furnace
37:14 Plate Mail Armor
36:46 Caravan
39:37 Kataparuto
40:59 Chemistry
40:11 Masonry
41:26 Conscription
42:26 Town Patrol
48:53 Two-Man Saw
47:59 Heavy Plow
48:08 Siege Engineers
47:46 Treadmill Crane
48:43 Hoardings
48:07 Spies/Treason
49:26 Hoardings
50:50 Guard Tower
50:46 Arrowslits
51:03 Bracer
51:04 Padded Archer Armor
51:09 Scale Barding Armor
51:40 Coinage
LordSakayO
11:08 Feudal Age
14:07 Castle Age
13:35 Double-Bit Axe
17:24 Horse Collar
31:39 Bow Saw
31:30 Heavy Plow
31:21 Loom
32:19 Wheelbarrow
35:46 Gold Mining
35:47 Stone Mining
36:12 Scale Barding Armor
40:43 Imperial Age
39:47 Chain Barding Armor
39:18 Fletching
39:52 Hand Cart
40:33 Gold Shaft Mining
40:34 Stone Shaft Mining
40:28 Husbandry
40:39 Bloodlines
39:52 Light Cavalry
40:50 Forging
41:57 Conscription
41:38 Double Crossbow
42:19 Plate Barding Armor
42:22 Crop Rotation
44:29 Chemistry
43:50 Ballistics
44:37 Iron Casting
45:21 Elite Ballista Elephant
47:03 Blast Furnace
45:31 Hussar
48:54 Spies/Treason
Root
12:37 Feudal Age
13:55 Double-Bit Axe
17:52 Castle Age
16:45 Stone Mining
16:50 Gold Mining
18:48 Wheelbarrow
19:10 Bow Saw
22:22 Gold Shaft Mining
29:10 Imperial Age
29:15 Forging
29:05 Scale Mail Armor
36:45 Hand Cart
39:35 Iron Casting
39:16 Chain Mail Armor
39:12 Elite Throwing Axeman
41:58 Plate Mail Armor
43:06 Blast Furnace
45:43 Squires
45:37 Arson
48:48 Hoardings
48:25 Scale Barding Armor
48:20 Padded Archer Armor
48:11 Fletching
49:55 Chemistry
49:15 Ballistics
48:46 Guard Tower
49:01 Siphons
49:07 Fortified Wall
48:52 Murder Holes
49:08 Masonry
48:41 Treadmill Crane
49:12 Clinker Construction
49:13 Careening
52:42 Gambesons
52:18 Man-at-Arms
52:19 Pikeman
Ny9t
10:30 Feudal Age
14:52 Castle Age
13:12 Double-Bit Axe
13:34 Horse Collar
14:17 Stone Mining
17:05 Bow Saw
21:30 Gold Mining
23:40 Fervor
24:52 Wheelbarrow
24:44 Scale Mail Armor
25:17 Forging
26:00 Squires
25:53 Loom
25:54 Town Watch
27:16 Hand Cart
27:40 Chain Mail Armor
28:53 Iron Casting
29:12 Eagle Warrior
30:42 Gold Shaft Mining
30:43 Stone Shaft Mining
32:56 Imperial Age
32:37 Heavy Plow
33:59 Garland Wars
34:02 Conscription
33:06 Elite Eagle Warrior
35:34 Siege Engineers
35:52 Town Patrol
36:24 Plate Mail Armor
36:55 Blast Furnace
37:57 Blast Furnace
37:00 Elite Jaguar Warrior
Connection lost

Rejoining the realm…

Still unreachable

The connection could not be restored.

Session expired

The server has moved on; the page needs a fresh start.